 Dungeon Crawl Stone Soup version 0.31-a0-845-g9abc20d24f (webtiles) character file.

Game seed: 6484068636895804106

791 Nattfarinn the Trooper (level 7, -6/47 HPs)
             Began as a Gargoyle Venom Mage on Oct 3, 2023.
             Mangled by an ice beast (14 damage)
             ... on level 5 of the Dungeon.
             The game lasted 00:08:24 (4783 turns).

Nattfarinn the Trooper (Gargoyle Venom Mage)        Turns: 4783, Time: 00:08:24

Health: -6/47      AC: 10    Str: 11    XL:     7   Next: 88%
Magic:  13/13      EV: 11    Int: 18    God:
Gold:   278        SH:  0    Dex: 10    Spells: 13/14 levels left

rFire   . . .        f - +1 dagger (venom)
rCold   . . .        (no shield)
rNeg    + . .        p - +2 leather armour {rPois}
rPois   ∞            (no helmet)
rElec   +            (no cloak)
rCorr   .            (no gloves)
SInv    .            (no boots)
Will    .....        (no amulet)
Stlth   ++           (no ring)
HPRegen 0.27/turn    (no ring)
MPRegen 0.13/turn

%: no passive effects
@: no status effects
A: sickness immunity, AC +4, negative energy resistance 1, electricity
resistance, torment resistance 1, petrification resistance
a: no special abilities


You were on level 5 of the Dungeon.
You visited 1 branch of the dungeon, and saw 5 of its levels.

You collected 322 gold pieces.
You spent 44 gold pieces at shops.

Inventory:

Hand Weapons
 c - a +0 dagger
 f - a +1 dagger of venom (weapon)
 h - a +0 spear
Missiles
 l - 2 throwing nets
Armour
 a - a +0 robe
 p - a +2 leather armour of poison resistance (worn)
Talismans
 m - a maw talisman
Wands
 e - a wand of paralysis (6)
 o - a wand of digging (7)
Scrolls
 g - a scroll of amnesia
 i - 3 scrolls of teleportation
 k - a scroll of silence
 n - a scroll of fog
 q - a scroll of immolation
 s - a scroll of fear
 u - a scroll of revelation {unknown}
 w - a scroll of identify
Potions
 b - a potion of magic
 d - 3 potions of curing
 j - a potion of invisibility
 r - 2 potions of heal wounds
 t - a potion of degeneration
 v - a potion of enlightenment


   Skills:
 - Level 6.7 Fighting
 + Level 3.7 Armour
 - Level 1.5 Dodging
 - Level 2.1 Stealth
 - Level 4.4 Spellcasting
 - Level 0.7 Transmutations
 - Level 3.0 Poison Magic


You had 13 spell levels left.
You knew the following spells:

 Your Spells              Type           Power      Damage    Failure   Level
a - Sting                 Tmut/Pois      40%        1d5       9%          1

Your spell library contained the following spells:

 Spells                   Type           Power      Damage    Failure   Level
 Poisonous Vapours        Pois/Air       18%        N/A       14%         2
 Magic Dart               Conj           12%        1d3       19%         1
 Necrotise                Necr           12%        1d4       19%         1
 Summon Small Mammal      Summ           12%        N/A       19%         1
 Call Imp                 Summ           6%         N/A       26%         2
 Mephitic Cloud           Conj/Pois/Air  7%         N/A       34%         3
 Olgreb's Toxic Radiance  Pois           14%        N/A       45%         4
 Call Canine Familiar     Summ           3%         N/A       47%         3
 Summon Guardian Golem    Hex/Summ       3%         N/A       47%         3
 Vampiric Draining        Necr           3%         2d6       47%         3
 Volatile Blastmotes      Fire/Tloc      6%         2d10      47%         3
 Fulminant Prism          Conj/Hex       1%         3d5       87%         4
 Iskenderun's Mystic Bla  Conj/Tloc      3%         2d3       87%         4
 Passage of Golubria      Tloc           3%         N/A       87%         4
 Agony                    Necr           3%         N/A       99%         5
 Silence                  Hex/Air        1%         N/A       99%         5
 Lehudib's Crystal Spear  Conj/Erth      1%         10d2      100%        8


Dungeon Overview and Level Annotations

Branches:
Dungeon (5/15)
 Temple: D:4-7

Altars:
Kikubaaqudgha
Okawaru
Trog
Xom

Shops:
D:4 !([*


Innate Abilities, Weirdness & Mutations

You are immune to sickness and miasma.
Your stone body is resilient. (AC +4)
You are immune to poison.
You resist negative energy. (rN+)
You are resistant to electric shocks. (rElec)
You are resistant to unholy torment.
You are immune to petrification.


Message History

The ice beast closely misses you.
You closely miss the ice beast.
The ice beast is lightly wounded.
The ice beast closely misses you.
You hit the ice beast.
The ice beast is moderately wounded.
The ice beast completely misses you.
You hit the ice beast but do no damage.
The ice beast is moderately wounded.
The ice beast hits you but does no damage.
You hit the ice beast.
The ice beast is moderately wounded.
The ice beast hits you but does no damage.
You hit the ice beast.
The ice beast is moderately wounded.
The ice beast hits you. The ice beast freezes you!
You are too injured to fight recklessly!
You are too injured to fight recklessly!
You are too injured to fight recklessly!
You are too injured to fight recklessly!
You are too injured to fight recklessly!
You are too injured to fight recklessly!
You are too injured to fight recklessly!
You are too injured to fight recklessly!
You are too injured to fight recklessly!
You are too injured to fight recklessly!
You are too injured to fight recklessly!
You are too injured to fight recklessly!
You are too injured to fight recklessly!
You are too injured to fight recklessly!
You hit the ice beast.
The ice beast is heavily wounded.
The ice beast hits you. The ice beast freezes you!
* * * LOW HITPOINT WARNING * * *
You closely miss the ice beast.
The ice beast is heavily wounded.
The ice beast hits you.
* * * LOW HITPOINT WARNING * * *
The ice beast freezes you!
You die...

.#. ### .#.### ###..
...... ...# ...#.###
#..# .......###..#
#..#....##..# #
.........#.:#########.##
#
..##............@Y......
+
.<.......#..#########.##
# ..#..###.#..# # .....#
#.#..# # #...###...... #
......#..##### #
..#......# # ###......#
# #..#...### #


You could see an ice beast.

Vanquished Creatures
  An ice beast (D:5)
  2 ogres
  A hound (D:5)
  4 orc priests
  A sleepcap (D:5)
  Jessica (D:2)
  Natasha (thrice) (D:3)
  2 orc wizards (D:4)
  3 gnolls (D:2)
  8 adders
  An ufetubus (D:4)
  2 worms
  2 dart slugs
  10 orcs
  7 ball pythons
  8 bats
  4 endoplasms
  4 giant cockroaches
  5 goblins
  11 hobgoblins
  9 jackals
  2 frilled lizards (D:2)
  5 kobolds
  4 rats
100 creatures vanquished.

Vanquished Creatures (others)
  A human (D:3)
1 creature vanquished.

Grand Total: 101 creatures vanquished

Notes
Turn   | Place    | Note
-------+----------+-------------------------------------------
     0 | D:1      | Nattfarinn the Gargoyle Venom Mage began the quest for the
                  | Orb.
     0 | D:1      | Reached XP level 1. HP: 10/10 MP: 3/3
   208 | D:1      | Reached skill level 1 in Fighting
   293 | D:1      | Reached XP level 2. HP: 16/16 MP: 3/5
   730 | D:2      | Reached skill level 2 in Fighting
   776 | D:2      | Noticed Jessica
   852 | D:2      | Killed Jessica
   853 | D:2      | Reached XP level 3. HP: 10/22 MP: 0/6
   970 | D:2      | Reached skill level 3 in Fighting
   979 | D:2      | Reached XP level 4. HP: 23/28 MP: 5/8
  1230 | D:2      | Found a shimmering altar of Xom.
  1467 | D:2      | Reached XP level 5. HP: 33/33 MP: 9/9
  1617 | D:2      | Reached skill level 4 in Fighting
  1852 | D:3      | Found a faded altar of an unknown god.
  2075 | D:3      | Found an ancient bone altar of Kikubaaqudgha.
  2076 | D:3      | Noticed a human
  2078 | D:3      | Killed a human
  2166 | D:3      | Noticed Natasha
  2172 | D:3      | Killed Natasha
  2326 | D:3      | Noticed Natasha
  2337 | D:3      | Killed Natasha
  2713 | D:3      | Noticed Natasha
  2720 | D:3      | Killed Natasha
  2721 | D:3      | Reached skill level 5 in Fighting
  2721 | D:3      | Reached XP level 6. HP: 25/40 MP: 11/11
  2804 | D:4      | Found Kaps's Weapon Emporium.
  3052 | D:4      | Found Baunacre's Antique Armour Shop.
  3311 | D:4      | Reached skill level 6 in Fighting
  3473 | D:4      | Reached XP level 7. HP: 45/46 MP: 13/13
  3508 | D:4      | Found Petacu's Distillery.
  3518 | D:4      | Bought a potion of degeneration for 11 gold pieces
  3518 | D:4      | Bought a potion of curing for 33 gold pieces
  3778 | D:4      | Found a bloodstained altar of Trog.
  3989 | D:4      | Found a transporter.
  3989 | D:4      | Found Rugeeth's General Store.
  4035 | D:4      | Found a transporter.
  4215 | D:5      | Entered Level 5 of the Dungeon
  4564 | D:5      | Found an iron altar of Okawaru.
  4783 | D:5      | Mangled by an ice beast

Illustrated notes

Levels and vault maps discovered:
D:1:      dpeg_arrival_round_a, layout_basic
D:2:      layout_loops_ring, basic_altar, minmay_circled_x, uniq_jessica
D:3:      layout_loops_ring, tgw_kikubaaqudgha,
          shapermc_ecumenical_altar_mp_highgroup, uniq_natasha
D:4:      layout_rooms, mainiacjoe_overflow_24_doors, serial_shops, shop,
          nicolae_shop_drivethru, shop, shop
D:5:      layout_basic, lemuel_doored_altar

Skill      XL: |  1  2  3  4  5  6  7 |
---------------+----------------------+-----
Fighting       | 1 2 3 5 6 |  6.7
Spellcasting   | 3 4 |  4.4
Armour         | 3 |  3.7
Dodging        | |  1.5
Stealth        | |  2.1
Transmutations | |  0.7
Poison Magic   | |  3.0

Action                     |  1- 3 |  4- 6 |  7- 9 || total
---------------------------+-------+-------+-------++-------
  Melee: Dagger            |    46 |   251 |   110 ||   407
         Spear             |    62 |       |       ||    62
         Punch             |       |     1 |     6 ||     7
   Cast: Sting             |    21 |       |     2 ||    23
    Use: Scroll            |     2 |       |     7 ||     9
   Stab: Distracted        |     1 |       |       ||     1
         Sleeping          |       |     2 |       ||     2
 Armour: Robe              |    60 |   131 |       ||   191
         Leather armour    |       |    44 |    61 ||   105
  Dodge: Dodged            |    66 |   157 |    51 ||   274

Table legend: (Time is in decaauts)
 A = Elapsed time spent in this place.
 B = Non-inter-level travel time spent in this place.
 C = Inter-level travel time spent in this place.
 D = Time resting spent in this place.
 E = Time spent auto-exploring this place.
 F = Levels seen in this place.
 G = Mean time per level.
                   A        B        C        D        E       F      G
               +--------+--------+--------+--------+--------+-----+--------+
         Total |   4821 |   4550 |    271 |    504 |   3082 |   5 |  964.2 |
       Dungeon |   4821 |   4550 |    271 |    504 |   3082 |   5 |  964.2 |
               +--------+--------+--------+--------+--------+-----+--------+

Top non-repeatable levels by time:
     D:3: 1266 daAuts
     D:4: 1118 daAuts
     D:2: 1097 daAuts
     D:1: 771 daAuts
     D:5: 567 daAuts
